AoeStats
← -(-0-0-)-+(,_o)+$(*^_^*)$

Coastal Forest

510627401Analyzed
2v2 RM · 20h ago on Oct 1, 2026· 50m 2s· 4 players
Game mode
Random Map
Map size
Medium (4 player)
Population
200
Speed
Normal
Resources
Standard
Victory
Conquest
Starting age
Dark Age
Ending age
Imperial Age
RankedLock teamsTeams togetherTeam positionsShared explorationLock speedFull tech treeHidden civsTurbo modeCheats
Victory
Defeat
🇧🇷 Teutons · Brazil
1023
+11
🇧🇷 Persians · Brazil
998
+12
🇺🇸 Malians · United States
926
-12
891
-11
SadPlay
6:53 Loom
12:41 Feudal Age
15:42 Bloodlines
17:24 Double-Bit Axe
22:09 Wheelbarrow
25:13 Castle Age
28:02 Fishing Lines
29:06 Stone Mining
29:24 Gillnets
31:04 Stone Shaft Mining
33:28 Gold Mining
34:06 Bow Saw
37:40 Imperial Age
37:04 Pikeman
37:45 Squires
37:55 Husbandry
38:12 Scale Barding Armor
38:13 Town Watch
39:17 Conscription
39:17 Cavalier
40:04 Heavy Camel Rider
41:40 Murder Holes
42:46 Chemistry
43:12 Hand Cart
-(-0-0-)-+(,_o)+$(*^_^*)$
1:04 Loom
13:46 Feudal Age
22:48 Castle Age
21:06 Scale Mail Armor
22:24 Forging
22:17 Double-Bit Axe
22:42 Town Watch
24:44 Iron Casting
28:46 Pikeman
29:52 Chain Mail Armor
31:47 Bow Saw
31:27 Horse Collar
32:28 Gold Mining
32:29 Stone Mining
34:20 Gold Shaft Mining
34:06 Heavy Plow
34:52 Wheelbarrow
35:26 Town Patrol
36:02 Hand Cart
40:14 Imperial Age
37:50 Treadmill Crane
38:32 Ballistics
38:38 Fletching
39:17 Padded Archer Armor
39:15 Murder Holes
39:31 Masonry
39:27 Squires
39:29 Fishing Lines
39:59 Squires
39:46 Arson
39:50 Gambesons
39:26 Elite Skirmisher
41:40 Conscription
41:50 Caravan
42:23 Plate Mail Armor
43:02 Blast Furnace
43:13 Chemistry
47:35 Bodkin Arrow
47:59 Leather Archer Armor
49:18 Bracer
Six
0:28 Loom
10:37 Feudal Age
15:27 Castle Age
16:03 Double-Bit Axe
28:21 Horse Collar
28:36 Gold Mining
29:25 Heavy Plow
29:40 Bow Saw
35:04 Imperial Age
32:50 Forging
32:41 Scale Mail Armor
34:06 Iron Casting
34:43 Man-at-Arms
35:09 Gambesons
35:24 Squires
35:10 Arson
35:44 Chain Mail Armor
36:56 Blast Furnace
35:24 Long Swordsman
35:30 Capped Ram
36:20 Two-Handed Swordsman
37:35 Plate Mail Armor
37:43 Champion
Galluzzi
0:28 Loom
10:13 Feudal Age
10:44 Double-Bit Axe
10:41 Horse Collar
13:59 Man-at-Arms
15:33 Town Watch
21:13 Castle Age
21:51 Bow Saw
22:56 Wheelbarrow
22:35 Heavy Plow
22:57 Crossbowman
23:48 Gold Mining
25:01 Fletching
26:00 Padded Archer Armor
28:09 Gold Shaft Mining
29:14 Stone Mining
30:30 Stone Shaft Mining
30:38 Forging
30:34 Scale Barding Armor
31:18 Husbandry
31:47 Hand Cart
36:16 Imperial Age
34:02 Bloodlines
34:47 Thumb Ring
36:43 Iron Casting
36:29 Chain Barding Armor
36:32 Kamandaran
36:53 Conscription
36:48 Murder Holes
36:16 Capped Ram
37:42 Bodkin Arrow
38:03 Leather Archer Armor
37:40 Heavy Camel Rider
40:09 Chemistry
39:30 Ballistics
40:55 Siege Ram
43:35 Ring Archer Armor
44:06 Blast Furnace
43:41 Plate Barding Armor
45:16 Cavalier
46:46 Savar
Connection lost

Rejoining the realm…

Still unreachable

The connection could not be restored.

Session expired

The server has moved on; the page needs a fresh start.